 Dungeon Crawl Stone Soup version 0.28.0-53-g5a82cb258f (webtiles) character file.

Game seed: 16301785265798641442

143 purpskrrrp the Slasher (level 5, -3/25 HPs)
             Began as a Vine Stalker Wanderer on June 23, 2022.
             Was an Initiate of Gozag.
             Killed by divine providence
             ... invoked by an orc priest
              (9 damage)
             ... on level 3 of the Dungeon.
             The game lasted 00:10:47 (3143 turns).

purpskrrrp the Slasher (Vine Stalker Wanderer)      Turns: 3143, Time: 00:10:51

Health: -3/25      AC: 10    Str: 13    XL:     5   Next: 25%
Magic:  0/8        EV:  1    Int: 10    God:    Gozag
Gold:   58         SH:  8    Dex: 19    Spells: 6/7 levels left

rFire   . . .      SeeInvis .   a - +2 falchion
rCold   . . .      Faith    .   g - +0 kite shield
rNeg    . . .      Spirit   +   e - +0 plate armour
rPois   .          Reflect  .   (no helmet)
rElec   .          Harm     .   (no cloak)
rCorr   +          Rampage  .   (no gloves)
Will    .....                   (no boots)
Stlth   ..........              (no amulet)
HPRegen 0.88/turn               j - ring of resist corrosion
MPRegen 0.11/turn               (no ring)

@: no status effects
A: fangs 2, regeneration 1, magic shield, antimagic bite, no potion heal 2
a: Renounce Religion, Potion Petition, Call Merchant, Bribe Branch


You were on level 3 of the Dungeon.
You worshipped Gozag.
Gozag was noncommittal.
You visited 1 branch of the dungeon, and saw 3 of its levels.

You collected 85 gold pieces.
You paid 27 gold pieces to Gozag.

Inventory:

Hand Weapons
 a - a +2 falchion (weapon)
Missiles
 f - 9 boomerangs
 h - 5 poisoned darts
Armour
 c - a +0 leather armour
 e - a +0 plate armour (worn)
 g - a +0 kite shield (worn)
Jewellery
 j - a ring of resist corrosion (left hand)
Scrolls
 k - a scroll of teleportation {unknown}
Potions
 d - 2 potions of heal wounds
 i - 2 potions of attraction {unknown}
Miscellaneous
 b - a piece from Xom's chessboard (15/15)


   Skills:
 + Level 1.5 Fighting
 + Level 4.6 Long Blades
 + Level 2.0 Armour
 + Level 0.4 Dodging
 + Level 0.7 Stealth
 + Level 0.5 Shields
 + Level 1.7 Spellcasting
 + Level 1.4 Summonings
 + Level 1.7 Evocations


You had 6 spell levels left.
You knew the following spells:

 Your Spells              Type           Power      Damage    Failure   Level
a - Summon Small Mammal   Summ           12%        N/A       100%        1

Your spell library contained the following spells:

 Spells                   Type           Power      Damage    Failure   Level
 Call Canine Familiar     Summ           3%         N/A       100%        3
 Dazzling Flash           Conj/Hex       0%         N/A       100%        3
 Summon Guardian Golem    Hex/Summ       2%         N/A       100%        3
 Agony                    Necr           0%         N/A       100%        5
 Silence                  Hex/Air        0%         N/A       100%        5


Dungeon Overview and Level Annotations

Branches:
Dungeon (3/15)

Altars:
Gozag

Shops:
D:2 (

Annotations:
D:3 Sigmund


Innate Abilities, Weirdness & Mutations

You have extremely sharp teeth.
Your natural rate of healing is unusually fast.
When hurt, damage is shared between your health and your magic reserves.
Your bite disrupts and absorbs the magic of your enemies.
Potions cannot restore your health.


Message History

You barely miss the orc. You bite the orc, but do no damage.
The orc is heavily wounded.
The orc hits you but does no damage.
The orc priest calls upon Beogh to heal the orc.
The orc's wounds heal themselves!
You barely miss the orc. Your bite misses the orc.
The orc hits you with a +0 falchion.
You closely miss the orc. The orc hits you with a +0 falchion!
You block the orc's attack.
You hit the orc. Your bite misses the orc.
The orc is heavily wounded.
The orc hits you with a +0 falchion.
* * * LOW HITPOINT WARNING * * *
You barely miss the orc. You bite the orc, but do no damage.
The orc is heavily wounded.
The orc priest calls upon Beogh to heal the orc.
The orc's wounds heal themselves!
The orc hits you but does no damage.
You hit the orc. You bite the orc, but do no damage.
The orc is lightly wounded.
The orc hits you but does no damage.
You hit the orc. You bite the orc, but do no damage.
The orc is heavily wounded.
The orc hits you with a +0 falchion.
You hit the orc but do no damage. You bite the orc, but do no damage.
The orc is heavily wounded.
The orc hits you with a +0 falchion.
* * * LOW HITPOINT WARNING * * *
The orc hits you with a +0 falchion.
* * * LOW HITPOINT WARNING * * *
You barely miss the orc.
The orc is heavily wounded.
You block the orc's attack.
You hit the orc. Your bite misses the orc.
The orc is almost dead.
The orc hits you with a +0 falchion.
* * * LOW HITPOINT WARNING * * *
The orc priest calls down the wrath of Beogh upon you.
Beogh smites you!
You die...
Your body crumbles into a pile of gold.

...####.###(.....#.####.
.................#......
...####..#######........
#.###$oo###.......
#.##.....##.......
#.#.......#.......
#.#.8...8.#..####.
#.#.......#.......
#@#.......#..#####
#o#.o.....#..#
#o#.8...8.#..#
#o#.......#..#
#............#
#####........# ########


You could see an orc priest and 2 orcs.

Vanquished Creatures
  4 adders
  3 gnolls (D:2)
  A worm (D:2)
  A dart slug (D:1)
  An orc (D:2)
  3 ball pythons (D:1)
  8 endoplasms
  7 giant cockroaches
  9 goblins
  2 hobgoblins
  3 jackals (D:2)
  4 kobolds
  4 quokkas
  5 bats
  3 frilled lizards
  9 rats
67 creatures vanquished.

Vanquished Creatures (collateral kills)
  A bat (D:1)
1 creature vanquished.

Grand Total: 68 creatures vanquished

Notes
Turn   | Place    | Note
-------+----------+-------------------------------------------
     0 | D:1      | purpskrrrp the Vine Stalker Wanderer began the quest for
                  | the Orb.
     0 | D:1      | purpskrrrp set off with the following items: a +2 falchion,
                  | a piece from Xom's chessboard (15/15), a +0 leather armour;
                  | and the following spell memorised: Summon Small Mammal; and
                  | the following spells available to memorise: Summon Guardian
                  | Golem
     0 | D:1      | Reached XP level 1. HP: 10/10 MP: 3/3
   427 | D:1      | Reached XP level 2. HP: 6/14 MP: 2/4
   702 | D:1      | Reached skill level 4 in Long Blades
   968 | D:1      | Reached XP level 3. HP: 12/18 MP: 2/6
  1111 | D:1      | Found a faded altar of an unknown god.
  1909 | D:2      | Gained mutation: Your natural rate of healing is unusually
                  | fast. [Vine Stalker growth]
  1909 | D:2      | Reached XP level 4. HP: 22/22 MP: 7/7
  2432 | D:2      | Found Jihas's Weapon Boutique.
  2779 | D:3      | Noticed Sigmund
  2924 | D:2      | Reached XP level 5. HP: 14/25 MP: 4/8
  2970 | D:3      | Found an opulent altar of Gozag.
  2993 | D:3      | Became a worshipper of Gozag Ym Sagoz the Greedy
  3143 | D:3      | Killed from afar by an orc priest

Illustrated notes

Levels and vault maps discovered:
D:1:      nzn_arrival_water_spiral, layout_loops_corners,
          shapermc_ecumenical_altar_pompeii, serial_forest,
          infiniplex_forest_lined_3, infiniplex_forest_straight_3,
          infiniplex_forest_end_2, infiniplex_forest_clump_curved,
          minmay_liquid_box, minmay_hexomino_f4
D:2:      layout_basic, serial_shops, nicolae_shop_crystal
D:3:      cheibrodos_pilgrimage, layout_basic, nicolae_gozag_seed_capital,
          uniq_sigmund, uniq_ijyb, uniq_jessica

Skill      XL: |  1  2  3  4  5 |
---------------+----------------+-----
Long Blades    | 4 |  4.6
Armour         | 2 |  2.0
Fighting       | |  1.5
Dodging        | |  0.4
Stealth        | |  0.7
Shields        | |  0.5
Spellcasting   | |  1.7
Summonings     | |  1.4
Evocations     | |  1.7

Action                   |  1- 3 |  4- 6 || total
-------------------------+-------+-------++-------
Melee: Falchion          |    76 |   101 ||   177
       Bite              |    14 |    27 ||    41
 Cast: Summon Small Mamm |     6 |     1 ||     7
  Use: Scroll            |     2 |       ||     2
 Stab: Sleeping          |     2 |       ||     2
       Distracted        |       |     1 ||     1
Armor: Leather armour    |    30 |    13 ||    43
       Plate armour      |       |    45 ||    45
Dodge: Dodged            |    43 |    29 ||    72
Block: Kite shield       |    17 |    54 ||    71
